 Dungeon Crawl Stone Soup version 0.21-a0-404-g291f19a (webtiles) character file.

713 Laiders the Charmwright (level 7, 0/56 HPs)
             Began as a Gnoll Skald on Oct 26, 2017.
             Was an Initiate of Qazlal.
             Slain by an iguana (10 damage)
             ... on level 4 of the Dungeon.
             The game lasted 00:19:05 (4961 turns).

Laiders the Charmwright (Gnoll Skald)               Turns: 4961, Time: 00:19:06

Health: 0/56       AC:  5    Str: 15    XL:     7   Next: 69%
Magic:  11/15      EV: 13    Int: 16    God:    Qazlal [......]
Gold:   140        SH:  0    Dex: 14    Spells: 11/17 levels left

rFire    + . .     SeeInvis .   a - +0 spear
rCold    . . .     Gourm    .   (no shield)
rNeg     . . .     Faith    .   u - +0 ring mail
rPois    .         Spirit   .   (no helmet)
rElec    .         Reflect  .   (no cloak)
rCorr    .         Harm     .   (no gloves)
MR       .....                  (no boots)
Stlth    +.........             (no amulet)
HPRegen  0.18/turn              e - +3 ring of slaying
MPRegen  0.14/turn              j - ring of protection from fire

@: infused
A: distributed training, fangs 1, strong nose
a: Renounce Religion


You were on level 4 of the Dungeon.
You worshipped Qazlal.
Qazlal was noncommittal.
You were near starving.

You visited 1 branch of the dungeon, and saw 4 of its levels.

You collected 140 gold pieces.

Inventory:

Hand Weapons
 a - a +0 spear (weapon)
Armour
 u - a +0 ring mail (worn)
Jewellery
 e - a +3 ring of slaying (left hand)
 j - a ring of protection from fire (right hand)
 p - an uncursed ring of protection from magic {unknown}
Scrolls
 g - 3 scrolls of remove curse {unknown}
 i - a scroll of enchant armour {unknown}
 n - a scroll of fear {unknown}
 o - 3 scrolls of teleportation {unknown}
 q - a scroll of enchant weapon {unknown}
Potions
 b - a potion of brilliance {unknown}
 h - 2 potions of curing
 k - a potion of agility {unknown}
 l - a potion of ambrosia {unknown}
 m - a potion of magic {unknown}
 s - a potion of flight {unknown}
 t - 2 potions of degeneration {unknown}
Books
 c - a book of Battle

   Spells                             Type                      Level
   a - Infusion                       Charms                       1
   b - Shroud of Golubria             Charms/Translocation         2
   c - Song of Slaying                Charms                       2
   d - Spectral Weapon                Hexes/Charms                 3
   e - Regeneration                   Charms/Necromancy            3
Comestibles
 d - 2 bread rations
 f - 2 meat rations


   Skills:
 + Level 5.3 Fighting
 + Level 2.6 Short Blades
 + Level 2.6 Long Blades
 + Level 2.6 Axes
 + Level 2.6 Maces & Flails
 + Level 5.3 Polearms
 + Level 2.6 Staves
 + Level 2.6 Slings
 + Level 2.6 Bows
 + Level 2.6 Crossbows
 + Level 2.6 Throwing
 + Level 3.7 Armour
 + Level 5.3 Dodging
 + Level 2.6 Stealth
 + Level 2.6 Shields
 + Level 2.6 Unarmed Combat
 + Level 5.6 Spellcasting
 + Level 2.1 Conjurations
 + Level 2.1 Hexes
 + Level 5.9 Charms
 + Level 2.1 Summonings
 + Level 2.1 Necromancy
 + Level 2.1 Translocations
 + Level 2.1 Transmutations
 + Level 2.1 Fire Magic
 + Level 2.1 Ice Magic
 + Level 2.1 Air Magic
 + Level 2.1 Earth Magic
 + Level 2.1 Poison Magic
 + Level 2.9 Invocations
 + Level 2.6 Evocations


You had 11 spell levels left.
You knew the following spells:

 Your Spells              Type           Power        Failure   Level  Hunger
a - Infusion              Chrm           ###.         2%          1    None
b - Shroud of Golubria    Chrm/Tloc      ###.......   8%          2    #......
c - Spectral Weapon       Hex/Chrm       ###.....     16%         3    ##.....


Dungeon Overview and Level Annotations

Branches:
Dungeon (4/15)             Temple (0/1) D:4

Altars:
Qazlal
Trog
Vehumet


Innate Abilities, Weirdness & Mutations

Your experience applies equally to all skills.
You have very sharp teeth.
Your uncanny sense of smell can sniff out nearby items.


Message History

* * * LOW HITPOINT WARNING * * *
The goblin hits you but does no damage.
You hit the iguana but do no damage. You bite the iguana, but do no damage.
The iguana is moderately wounded.
The goblin closely misses you.
You barely miss the iguana. Your bite misses the iguana.
The iguana is moderately wounded.
The iguana closely misses you. The goblin misses you.
The goblin hits you but does no damage.
You hit the iguana but do no damage.
The iguana is moderately wounded.
The iguana barely misses you. The goblin closely misses you. x2
Casting: Shroud of Golubria
Confirm with . or Enter, or press ? or * to list all spells.
You begin infusing your attacks with magical energy.
The iguana barely misses you.
The goblin hits you but does no damage. x2
You hit the iguana. You bite the iguana, but do no damage.
The iguana is heavily wounded.
The iguana bites you!
You die...

.....#
#....##..#
....##
#.....#..#
....#
##.......#
...##
##....#.##
.###
##...#..# ##
##..#.(# #
####.(# #
#..## .
#@g%#....
#lg.......#
#.........#
#..#.......#
#..#......##
#.##......#
∆ ..
#......# ...
#......# ..#
...#


You could see an iguana and 2 goblins.

Vanquished Creatures
  The ghost of tof the Twirler, an amateur MiGl of Okawaru (D:4)
  Sigmund (D:2)
  2 ogres (D:4)
  A hound (D:4)
  An orc wizard (D:3)
  An iguana (D:4)
  2 adders (D:3)
  An ooze (D:1)
  An adder skeleton (D:4)
  2 worms (D:2)
  3 leopard geckos
  6 orcs
  3 giant cockroaches
  7 goblins
  4 hobgoblins
  4 jackals (D:1)
  4 kobolds
  2 quokkas (D:3)
  4 bats
  4 frilled lizards
  2 giant cockroach zombies (D:1)
  A jackal skeleton (D:4)
  4 rats
61 creatures vanquished.

Vanquished Creatures (others)
  3 spectral weapons (D:4)
3 creatures vanquished.

Grand Total: 64 creatures vanquished

Notes
Turn   | Place    | Note
-------+----------+-------------------------------------------
     0 | D:1      | Laiders the Gnoll Skald began the quest for the Orb.
     0 | D:1      | Reached XP level 1. HP: 20/20 MP: 6/6
   274 | D:1      | Reached XP level 2. HP: 26/26 MP: 3/7
   677 | D:1      | Reached XP level 3. HP: 27/31 MP: 9/9
  1027 | D:2      | Reached skill level 5 in Spellcasting
  1257 | D:2      | Noticed Sigmund
  1274 | D:2      | Killed Sigmund
  1274 | D:2      | Reached skill level 1 in Short Blades
  1274 | D:2      | Reached skill level 1 in Long Blades
  1274 | D:2      | Reached skill level 1 in Axes
  1274 | D:2      | Reached skill level 1 in Maces & Flails
  1274 | D:2      | Reached skill level 1 in Staves
  1274 | D:2      | Reached skill level 1 in Slings
  1274 | D:2      | Reached skill level 1 in Bows
  1274 | D:2      | Reached skill level 1 in Crossbows
  1274 | D:2      | Reached skill level 1 in Throwing
  1274 | D:2      | Reached skill level 1 in Stealth
  1274 | D:2      | Reached skill level 1 in Shields
  1274 | D:2      | Reached skill level 1 in Unarmed Combat
  1274 | D:2      | Reached skill level 1 in Conjurations
  1274 | D:2      | Reached skill level 1 in Hexes
  1274 | D:2      | Reached skill level 1 in Summonings
  1274 | D:2      | Reached skill level 1 in Necromancy
  1274 | D:2      | Reached skill level 1 in Translocations
  1274 | D:2      | Reached skill level 1 in Transmutations
  1274 | D:2      | Reached skill level 1 in Fire Magic
  1274 | D:2      | Reached skill level 1 in Ice Magic
  1274 | D:2      | Reached skill level 1 in Air Magic
  1274 | D:2      | Reached skill level 1 in Earth Magic
  1274 | D:2      | Reached skill level 1 in Poison Magic
  1274 | D:2      | Reached skill level 1 in Invocations
  1274 | D:2      | Reached skill level 1 in Evocations
  1274 | D:2      | Reached XP level 4. HP: 27/38 MP: 3/11
  1274 | D:2      | Reached XP level 5. HP: 30/43 MP: 3/12
  1588 | D:2      | Learned a level 2 spell: Shroud of Golubria
  1592 | D:2      | Learned a level 3 spell: Spectral Weapon
  2415 | D:3      | Reached XP level 6. HP: 40/50 MP: 2/13
  2513 | D:3      | Found a bloodstained altar of Trog.
  2515 | D:3      | Found a radiant altar of Vehumet.
  2747 | D:3      | Found a stormy altar of Qazlal.
  2799 | D:3      | Became a worshipper of Qazlal Stormbringer
  2924 | D:4      | Reached skill level 5 in Fighting
  2924 | D:4      | Reached skill level 5 in Polearms
  2924 | D:4      | Reached skill level 5 in Dodging
  2959 | D:4      | Noticed tof's ghost (amateur MiGl)
  4018 | D:4      | Reached XP level 7. HP: 50/56 MP: 5/15
  4391 | D:4      | Killed tof's ghost
  4795 | D:4      | Found a staircase to the Ecumenical Temple.
  4961 | D:4      | Slain by an iguana

Vault maps used:
D:1:      saegor_arrival_fortress
D:2:      first_bread, uniq_sigmund
D:3:      nicolae_overflow_crystal_walls,
          chequers_temple_overflow_statue_of_worship
D:4:      temple_hall, serial_glass, glass_columns_a, glass_columns_a,
          uniq_robin

Skill      XL: |  1  2  3  4  5  6  7 |
---------------+----------------------+-----
Spellcasting   | 5 |  5.6
Short Blades   | 1 2 |  2.6
Long Blades    | 1 2 |  2.6
Axes           | 1 2 |  2.6
Maces & Flails | 1 2 |  2.6
Staves         | 1 2 |  2.6
Slings         | 1 2 |  2.6
Bows           | 1 2 |  2.6
Crossbows      | 1 2 |  2.6
Throwing       | 1 2 |  2.6
Armour         | 3 |  3.7
Stealth        | 1 2 |  2.6
Shields        | 1 2 |  2.6
Unarmed Combat | 1 2 |  2.6
Conjurations   | 1 2 |  2.1
Hexes          | 1 2 |  2.1
Summonings     | 1 2 |  2.1
Necromancy     | 1 2 |  2.1
Translocations | 1 2 |  2.1
Transmutations | 1 2 |  2.1
Fire Magic     | 1 2 |  2.1
Ice Magic      | 1 2 |  2.1
Air Magic      | 1 2 |  2.1
Earth Magic    | 1 2 |  2.1
Poison Magic   | 1 2 |  2.1
Invocations    | 1 2 |  2.9
Evocations     | 1 2 |  2.6
Fighting       | 5 |  5.3
Polearms       | 5 |  5.3
Dodging        | 5 |  5.3
Charms         | |  5.9

Action                   |  1- 3 |  4- 6 |  7- 9 || total
-------------------------+-------+-------+-------++-------
Melee: Spear             |    64 |    95 |    50 ||   209
       Bite              |     2 |    11 |    11 ||    24
       Punch             |       |     3 |     2 ||     5
Throw: Throwing net      |     1 |       |       ||     1
 Cast: Infusion          |    11 |     7 |     2 ||    20
       Spectral Weapon   |       |     6 |       ||     6
       Shroud of Golubri |       |     5 |     4 ||     9
  Use: Scroll            |     2 |       |       ||     2
       Potion            |       |       |     1 ||     1
 Stab: Held in net/web   |     1 |       |       ||     1
  Eat: Chunk             |     1 |     4 |       ||     5
       Royal jelly       |       |     1 |       ||     1
       Bread ration      |       |     1 |       ||     1
Armor: Leather armour    |    15 |    19 |       ||    34
       Ring mail         |       |       |    21 ||    21
Dodge: Dodged            |    40 |    60 |    55 ||   155

Table legend:
 A = Spawn XP
 B = Non-spawn XP
 C = Spawn XP percentage of total XP
 D = Spawn monster count
 E = Non-spawn monster count
 F = Spawn count percentage of total count
 G = Total turns spent on level
                    A         B        C        D         E        F      G
               +---------+---------+-------+---------+---------+-------+---------
         Total |       0 |    1019 |   0.0 |       0 |      61 |   0.0 |  4961
               +---------+---------+-------+---------+---------+-------+---------
           D:1 |       0 |      35 |   0.0 |       0 |      19 |   0.0 |  1009
           D:2 |       0 |     244 |   0.0 |       0 |      10 |   0.0 |  1264
           D:3 |       0 |     107 |   0.0 |       0 |      22 |   0.0 |  1521
           D:4 |       0 |     633 |   0.0 |       0 |      10 |   0.0 |  1167
               +---------+---------+-------+---------+---------+-------+---------
